Map: King's Cove LE

Players

TIME (Oliveira) - Winner!

  • Race: Terran Terran
  • Spawn Location: 5:00

SortOf

  • Race: Zerg Zerg
  • Spawn Location: 11:00

Event: 2019 WCS Spring

VOD

Have the link to the VOD?

Description

Time

  • Played on: May 18, 2019, 11:43 a.m.
  • Length: 11:51

All games in this series

Show
View Real Time Build Order
Export as new Build Order

TIME Terran - Winner!

Build Orders: Liberator Opening, Reaper Expand 

Get SALT Encoding   

  12  0:00  SCV  
  13  0:13  SCV  
  14  0:19  Supply Depot  
  14  0:25  SCV  
  15  0:40  SCV  
  15  0:41  Barracks  
  16  0:44  Refinery  
  16  0:52  SCV  
  17  1:04  SCV  
  18  1:17  SCV  
  19  1:28  Reaper  
  19  1:29  Orbital Command  
  20  1:43  Command Center  
  20  1:51  Supply Depot  
  21  1:54  SCV  
  21  2:00  Marine  
  22  2:06  SCV  
  23  2:10  Factory  
  23  2:13  Refinery  
  23  2:18  SCV  
  24  2:23  Barracks Reactor  
  24  2:30  SCV  
  25  2:42  SCV  
  26  2:54  SCV  
  26  2:57  Orbital Command  
  27  3:01  Starport  
  27  3:02  Hellion  
  27  3:03  Hellion  
  31  3:07  Marine  
  31  3:08  SCV  
  33  3:20  SCV  
  33  3:22  SCV  
  33  3:24  Hellion x2  
  39  3:27  Liberator  
  39  3:28  Supply Depot, Marine  
  39  3:32  SCV  
  41  3:36  SCV  
  42  3:44  SCV  
  46  3:50  Hellion  
  46  3:51  Hellion  
  46  3:52  SCV, Supply Depot  
  51  3:57  SCV  
  51  3:58  Barracks Tech Lab  
  52  4:05  SCV  
  52  4:09  SCV  
  54  4:14  Hellion x2  
  54  4:16  Supply Depot  
  59  4:17  SCV  
  59  4:20  Liberator  
  59  4:21  SCV  
  59  4:24  Stimpack  
  60  4:29  SCV  
  61  4:34  SCV  
  65  4:41  Command Center  
  65  4:43  Factory Tech Lab  
  65  4:45  SCV, Marine  
  66  4:47  SCV, Supply Depot  
  68  4:57  Barracks  
  68  4:58  Barracks  
  68  5:00  SCV  
  69  5:08  Siege Tank  
  69  5:12  SCV  
  73  5:15  Engineering Bay x2, Refinery  
  73  5:16  Marine  
  74  5:23  Starport Reactor  
  74  5:25  SCV  
  75  5:28  SCV  
  75  5:29  Refinery  
  75  5:31  Supply Depot  
  75  5:34  Marine  
  77  5:37  SCV  
  78  5:45  Marine  
  78  5:47  Marine  
  78  5:52  Terran Infantry Weapons Level 1, Terran Infantry Armor Level 1, Siege Tank, Marine  
  78  5:54  Orbital Command  
  78  5:55  SCV  
  83  6:03  SCV  
  84  6:04  Marine x2  
  84  6:05  Starport Reactor  
  84  6:06  Marine  
  85  6:11  Marine  
  85  6:13  Barracks x2  
  85  6:15  SCV  
  85  6:16  Marine  
  88  6:22  Marine x2  
  88  6:23  Orbital Command  
  88  6:24  Marine  
  88  6:25  SCV  
  92  6:28  Siege Tank  
  92  6:29  Marine  
  96  6:35  Combat Shield  
  96  6:36  Marine  
  96  6:39  Marine  
  95  6:43  Medivac  
  95  6:44  Medivac, Marine x2  
  101  6:54  SCV  
  101  6:55  Supply Depot  
  101  6:56  Marine x2, Supply Depot  
  101  7:01  Marine  
  104  7:02  Barracks Reactor  
  104  7:03  Barracks Reactor  
  104  7:04  Siege Tank  
  104  7:06  SCV  
  104  7:08  SCV  
  109  7:17  SCV, Medivac  
  109  7:18  SCV  
  109  7:20  SCV, Marine  
  109  7:21  Supply Depot  
  115  7:23  Armory  
  115  7:29  SCV, Supply Depot  
  116  7:30  Marine  
  116  7:32  Marine  
  116  7:36  SCV, Marine  
  120  7:37  SCV  
  120  7:38  Marine  
  120  7:40  Refinery  
  120  7:42  Refinery  
  121  7:52  Marine  
  121  7:53  Marine x2  
  121  7:55  SCV  
  124  8:02  Marine  
  121  8:05  Siege Tank  
  121  8:06  Medivac x2  
  121  8:07  Marine x2  
  121  8:10  Terran Infantry Weapons Level 2  
  121  8:12  SCV x3  
  133  8:14  Marine  
  133  8:17  Supply Depot  
  134  8:22  Marine x2  
  134  8:24  SCV, Terran Infantry Armor Level 2  
  126  8:34  Marine x3  
  126  8:35  Marine x4  
  126  8:37  SCV x3  
  126  8:39  Drilling Claws  
  126  8:40  Supply Depot  
  126  8:41  Terran Vehicle And Ship Armor Level 1, Factory  
  126  8:47  Marine x2  
  128  8:55  Command Center  
  128  9:00  Supply Depot  
  128  9:01  SCV  
  128  9:02  Marine x3  
  132  9:04  Marine  
  132  9:09  Marine x2  
  135  9:10  Marine  
  135  9:13  Marine  
  135  9:15  Siege Tank  
  139  9:24  Marine  
  139  9:27  Marine x2  
  139  9:30  Marine  
  136  9:38  Liberator  
  136  9:39  Liberator, Marine  
  136  9:40  Factory Reactor  
  136  9:43  Marine  
  125  9:48  Marine  
  125  9:49  Marine x5  
  125  9:50  Thor  
  134  9:53  SCV, Barracks  
  134  9:54  Marine  
  134  9:56  Barracks  
  134  9:57  Marine  
  136  10:01  Marine  
  136  10:06  Marine  
  138  10:07  Marine x2  
  138  10:08  Marine  
  138  10:09  Marine  
  138  10:11  Planetary Fortress  
  138  10:12  SCV  
  138  10:13  SCV, Marine  
  143  10:17  Marine  
  143  10:19  Marine  
  143  10:20  Widow Mine x2  
  147  10:24  Marine x2  
  148  10:30  Missile Turret, Barracks  
  148  10:31  Missile Turret  
  146  10:40  Marine x3  
  146  10:42  Barracks Tech Lab  
  143  10:43  Marine x2  
  143  10:46  Widow Mine x3  
  151  10:50  Marine  
  151  10:51  Marine  
  151  10:52  Barracks Tech Lab  
  153  10:57  Marine  
  153  10:58  Marauder, Marine x3  
  153  11:01  Marine  
  153  11:02  Marine  
  156  11:07  Marine  
  156  11:08  Marine x2  
  156  11:10  Widow Mine  
  156  11:11  Widow Mine  
  160  11:12  Medivac x2  
  160  11:15  Marine x2  
  160  11:16  Marine  
  160  11:20  Marauder  
  160  11:22  Barracks Tech Lab  
  161  11:27  Marine x2  
  161  11:28  Marine x2  
  161  11:30  Marine  
  165  11:35  SCV, Command Center, Refinery x2  
  165  11:36  Starport  
  165  11:37  Starport  
Show
View Real Time Build Order
Export as new Build Order

SortOf Zerg 

Build Orders: Hatch First, Muta Ling Bane 

Get SALT Encoding   

  12  0:00  Drone  
  13  0:13  Overlord  
  13  0:17  Drone  
  14  0:31  Drone  
  14  0:32  Drone  
  16  0:52  Hatchery  
  16  0:54  Drone  
  17  0:57  Drone  
  17  1:02  Drone  
  18  1:12  Extractor  
  18  1:18  Spawning Pool  
  16  1:20  Drone  
  16  1:24  Drone  
  18  1:31  Drone  
  19  1:39  Drone  
  20  1:51  Overlord  
  20  2:04  Queen x2  
  20  2:07  Zergling x4  
  26  2:13  Drone  
  27  2:16  Drone  
  28  2:30  Hatchery  
  28  2:32  Drone  
  28  2:34  Drone  
  28  2:36  Drone  
  30  2:43  Metabolic Boost  
  30  2:45  Drone  
  30  2:48  Drone  
  32  2:53  Drone  
  32  2:54  Drone  
  32  2:57  Overlord  
  33  3:04  Queen  
  35  3:11  Overlord  
  35  3:18  Drone  
  35  3:19  Drone x3  
  39  3:25  Overlord  
  39  3:26  Drone  
  40  3:31  Queen  
  42  3:35  Drone x2  
  42  3:41  Drone  
  45  3:43  Overlord  
  45  3:46  Drone x2  
  47  3:50  Baneling Nest  
  47  3:53  Queen  
  47  3:54  Zergling x2  
  49  3:59  Drone x3  
  49  4:01  Drone  
  53  4:08  Queen  
  55  4:10  Drone  
  55  4:11  Drone  
  55  4:15  Drone x2  
  59  4:22  Evolution Chamber  
  59  4:23  Evolution Chamber  
  57  4:25  Spore Crawler, Drone  
  57  4:27  Zergling x6  
  57  4:29  Drone  
  61  4:32  Overlord  
  61  4:34  Baneling x4  
  61  4:35  Baneling  
  61  4:37  Zergling x2  
  62  4:39  Zergling x2  
  62  4:40  Zergling x2  
  62  4:44  Overlord  
  64  4:49  Drone  
  64  4:51  Drone x5  
  64  4:52  Drone  
  71  4:55  Extractor, Drone  
  71  5:01  Drone x2  
  71  5:02  Queen  
  75  5:11  Drone x2  
  77  5:15  Drone  
  77  5:18  Drone  
  77  5:19  Drone x2  
  77  5:21  Zerg Ground Armor Level 1  
  77  5:22  Drone  
  77  5:24  Drone x2  
  80  5:30  Overlord  
  80  5:34  Spine Crawler  
  79  5:36  Drone x2  
  79  5:37  Spore Crawler  
  79  5:40  Drone x2  
  82  5:45  Overlord  
  82  5:47  Lair  
  82  5:51  Extractor x2  
  82  5:54  Overlord  
  82  5:55  Extractor  
  82  5:56  Extractor  
  78  5:59  Zergling x6  
  78  6:00  Drone  
  78  6:01  Evolution Chamber  
  78  6:02  Drone  
  80  6:08  Zergling x6  
  79  6:13  Drone x2  
  79  6:14  Drone x7  
  89  6:25  Drone x2  
  89  6:32  Drone x2  
  92  6:38  Hatchery  
  91  6:44  Zergling x10  
  96  6:48  Centrifical Hooks, Drone x2  
  96  6:52  Overseer  
  98  6:57  Drone x2  
  98  6:59  Spire  
  98  7:00  Zergling x14  
  106  7:05  Baneling x2  
  106  7:06  Baneling  
  106  7:15  Overlord  
  105  7:17  Overlord  
  105  7:18  Overlord x2, Baneling x2  
  105  7:20  Overlord  
  105  7:24  Overlord  
  105  7:28  Overlord  
  105  7:35  Zergling x16  
  111  7:48  Zergling x10  
  116  7:54  Zergling x10  
  114  7:59  Zergling x4  
  114  8:03  Queen  
  114  8:04  Zergling x2  
  109  8:07  Zergling x10  
  114  8:18  Zergling x12  
  99  8:35  Drone x10  
  106  8:41  Mutalisk x6  
  106  8:42  Mutalisk  
  106  8:43  Zerg Flyer Weapons Level 1  
  106  8:44  Evolution Chamber  
  106  8:45  Evolution Chamber  
  118  8:49  Baneling x5  
  118  8:50  Baneling x3  
  118  8:55  Infestation Pit  
  117  8:56  Drone  
  117  8:57  Drone x5  
  123  9:07  Baneling x2  
  123  9:08  Baneling, Zergling x10  
  126  9:16  Zergling x14  
  132  9:27  Mutalisk x5  
  129  9:43  Zergling x20  
  123  9:53  Zergling x16  
  127  10:04  Baneling x3  
  127  10:05  Baneling  
  127  10:06  Mutalisk  
  127  10:07  Mutalisk x3  
  127  10:10  Zergling x4  
  136  10:17  Mutalisk x2  
  133  10:26  Mutalisk x7  
  147  10:29  Baneling x4  
  145  10:39  Overlord  
  145  10:41  Overlord  
  143  10:48  Pneumatized Carapace  
  143  10:50  Overseer  
  143  10:55  Zergling x12  
  143  10:57  Baneling x4  
  143  11:02  Zergling x2  
  141  11:07  Zergling x30  
  135  11:20  Zergling x12  
  131  11:26  Mutalisk x4  
  133  11:33  Baneling x3  
Tags
 
Add a new tag
Caveats
  • Supply blocks, unpowered buildings, or Contaminate may cause inaccurate times.
  • Supply counts are checked every 10 seconds.